 Dungeon Crawl Stone Soup version 0.19.5 (webtiles) character file.

2347 Kalash the Archer (level 9, -4/55 HPs)
             Began as a High Elf Hunter on Apr 28, 2017.
             Was a Believer of Cheibriados.
             Slain by patcoet's ghost (12 damage)
             ... on level 6 of the Dungeon.
             The game lasted 00:18:59 (9124 turns).

Kalash the Archer (High Elf Hunter)                 Turns: 9124, Time: 00:18:59

Health: -4/55      AC:  6    Str: 17    XL:     9   Next: 20%
Magic:  8/10       EV: 13    Int: 22    God:    Cheibriados [**....]
Gold:   304        SH:  0    Dex: 25    Spells: 0 memorised, 8 levels left

rFire  . . .     SeeInvis +     o - +1 short sword (venom)
rCold  . . .     Gourm    .     y - +2 leather armour {rPois}
rNeg   . . .     Faith    .     (no shield)
rPois  +         Spirit   .     (no helmet)
rElec  .         Reflect  .     (no cloak)
rCorr  .         Harm     .     g - +0 pair of gloves
MR     .....                    (no boots)
Stlth  ++++......               (no amulet)
                                A - ring of see invisible
                                x - ring of poison resistance

@: very slow
A: no striking features
a: Bend Time, Renounce Religion


You were on level 6 of the Dungeon.
You worshipped Cheibriados.
Cheibriados was pleased with you.
You were not hungry.

You visited 1 branch of the dungeon, and saw 6 of its levels.

You collected 304 gold pieces.

Inventory:

Hand Weapons
 a - a +1 shortbow
 b - a +0 short sword
 m - a +0 rapier
 o - a +1 short sword of venom (weapon)
Missiles
 d - 107 arrows (quivered)
Armour
 c - a +0 leather armour
 g - a +0 pair of gloves (worn)
 v - a +0 robe of positive energy
 y - a +2 leather armour of poison resistance (worn)
Jewellery
 q - an uncursed ring of fire
 x - a ring of poison resistance (left hand)
 A - a ring of see invisible (right hand)
Wands
 w - a wand of slowing (14/48)
 K - a wand of flame (17/48)
Scrolls
 e - 3 scrolls of recharging {unknown}
 j - a scroll of fog {unknown}
 n - 6 scrolls of identify
 p - a scroll of enchant weapon {unknown}
 r - a scroll of magic mapping {unknown}
 s - a scroll of blinking {unknown}
 t - 2 scrolls of fear {unknown}
 D - 2 scrolls of random uselessness {unknown}
Potions
 i - a potion of ambrosia {unknown}
 l - a potion of agility {unknown}
 u - a potion of haste {unknown}
 z - a potion of cancellation {unknown}
 C - a potion of beneficial mutation {unknown}
 F - a potion of resistance {unknown}
 G - a potion of degeneration {unknown}
Books
 H - a book of Cantrips

   Spells                             Type                      Level
   a - Confusing Touch                Hexes                        1
   b - Animate Skeleton               Necromancy                   1
   c - Summon Small Mammal            Summoning                    1
   d - Apportation                    Translocation                1
 I - a book of Minor Magic

   Spells                             Type                      Level
   a - Magic Dart                     Conjuration                  1
   b - Blink                          Translocation                2
   c - Call Imp                       Summoning                    2
   d - Repel Missiles                 Charms/Air                   2
   e - Slow                           Hexes                        2
   f - Conjure Flame                  Conjuration/Fire             3
   g - Mephitic Cloud                 Conjuration/Poison/Air       3
Comestibles
 f - 4 bread rations
 k - a slice of pizza
 B - a royal jelly
 E - a meat ration
 J - 7 fruits


   Skills:
 + Level 2.3 Fighting
 + Level 8.7 Short Blades
 - Level 10.2 Bows
 + Level 2.3 Dodging
 + Level 8.5 Stealth


You had 8 spell levels left.
You didn't know any spells.

Dungeon Overview and Level Annotations

Branches:
Dungeon (6/15)             Temple (0/1) D:5

Altars:
Cheibriados
Fedhas
Kikubaaqudgha
Nemelex Xobeh
Okawaru
Qazlal
Sif Muna
Trog

Annotations:
D:6 patcoet's ghost, novice VSFi


Message History

Patcoet's ghost hits you!
You hit patcoet's ghost but do no damage.
Patcoet's ghost is heavily damaged.
Patcoet's ghost closely misses you.
You closely miss patcoet's ghost.
Patcoet's ghost is heavily damaged.
You hit patcoet's ghost but do no damage.
Patcoet's ghost is heavily damaged.
Patcoet's ghost hits you!
* * * LOW HITPOINT WARNING * * *
You feel better. Patcoet's ghost hits you.
* * * LOW HITPOINT WARNING * * *
You feel better. Patcoet's ghost hits you!
* * * LOW HITPOINT WARNING * * *
You hit patcoet's ghost.
Patcoet's ghost is heavily damaged.
Patcoet's ghost hits you!
* * * LOW HITPOINT WARNING * * *
Patcoet's ghost hits you!
You die...

#..# ♣♣.......♣♣ #. #..#
.## ♣...._....♣ #. #..#
#.# ♣♣.........♣♣ #.
#..# #.# ♣...........♣
#. #..# #.#
♣.♣.......♣.♣ ## #..#
#.# ♣♣♣♣♣...♣♣♣♣♣
#..###.# ♣♣..(♣♣
#......#♣♣♣♣♣.....♣
♣♣♣##
##.###..@W......(##
#.#.#
#....######..#..####.#.#
####.# #.........(#.#
#.# ##...........#
#####.# ###..########
#...#.# ##..# #.#..)#
#...# #...### #.#.###
##.## #.._..######


You could see patcoet's ghost.

Vanquished Creatures
  Pikel (D:3)
  Grinder (D:5)
  Sigmund (D:2)
  A slave (D:3)
  4 ogres
  A bullfrog (D:4)
  A scorpion (D:6)
  2 vampire bats (D:2)
  4 crimson imps
  2 jellies
  A bullfrog zombie (D:5)
  3 hounds
  Crazy Yiuf (D:2)
  3 orc priests
  2 bullfrog skeletons
  6 orc wizards
  3 worker ants
  3 gnolls (D:4)
  A worker ant zombie (D:5)
  8 adders
  A shadow imp (D:5)
  A worm (D:4)
  A dart slug (D:2)
  3 leopard geckos
  20 orcs
  8 bats
  3 bat skeletons (D:2)
  3 bat zombies (D:2)
  6 giant cockroaches
  7 goblins
  6 hobgoblins
  10 jackals
  10 kobolds
  4 quokkas
  3 ball pythons
  11 frilled lizards
  9 rats
155 creatures vanquished.

Notes
Turn   | Place    | Note
-------+----------+-------------------------------------------
     0 | D:1      | Kalash the High Elf Hunter began the quest for the Orb.
     0 | D:1      | Reached XP level 1. HP: 14/14 MP: 2/2
   171 | D:1      | Reached skill level 1 in Short Blades
   210 | D:1      | Reached XP level 2. HP: 19/19 MP: 3/3
   975 | D:2      | Reached XP level 3. HP: 24/24 MP: 4/4
  1381 | D:2      | Found a runed door.
  1554 | D:2      | Noticed Sigmund
  2104 | D:3      | Reached skill level 6 in Bows
  2302 | D:3      | Reached XP level 4. HP: 29/29 MP: 5/5
  2470 | D:3      | Found a stormy altar of Qazlal.
  2799 | D:3      | Found a bloodstained altar of Trog.
  2840 | D:3      | Found an iron altar of Okawaru.
  3153 | D:4      | Noticed Pikel
  3153 | D:4      | Noticed a slave
  3154 | D:4      | Noticed a slave
  3154 | D:4      | Noticed a slave
  3832 | D:4      | Found a snail-covered altar of Cheibriados.
  3835 | D:4      | Became a worshipper of Cheibriados the Contemplative
  3854 | D:4      | Noticed a slave
  3933 | D:3      | Killed a slave
  4201 | D:4      | Reached XP level 5. HP: 34/34 MP: 6/6
  4235 | D:4      | Noticed an ogre
  4241 | D:4      | Killed an ogre
  4241 | D:4      | Reached XP level 6. HP: 33/39 MP: 7/7
  4323 | D:4      | Reached skill level 7 in Bows
  4884 | D:2      | You fall through a shaft for 2 floors!
  5015 | D:2      | Reached skill level 5 in Short Blades
  5025 | D:2      | Reached * piety under Cheibriados
  5031 | D:2      | Found an ancient bone altar of Kikubaaqudgha.
  5061 | D:2      | Reached skill level 5 in Stealth
  5256 | D:2      | Reached XP level 7. HP: 45/45 MP: 8/8
  5337 | D:2      | Noticed Crazy Yiuf
  5345 | D:2      | Killed Crazy Yiuf
  5712 | D:2      | Killed Sigmund
  5847 | D:4      | Found a sparkling altar of Nemelex Xobeh.
  5861 | D:4      | Reached skill level 8 in Bows
  6093 | D:3      | Killed Pikel
  6093 | D:3      | Reached skill level 9 in Bows
  6093 | D:3      | Reached XP level 8. HP: 11/50 MP: 6/9
  6448 | D:5      | Entered Level 5 of the Dungeon
  6696 | D:5      | Reached ** piety under Cheibriados
  6933 | D:5      | Found a staircase to the Ecumenical Temple.
  7899 | D:5      | Noticed Grinder
  7918 | D:5      | Paralysed by Grinder for 7 turns
  7919 | D:5      | Killed Grinder
  7919 | D:5      | Reached skill level 10 in Bows
  7919 | D:5      | Reached XP level 9. HP: 28/54 MP: 10/10
  8818 | D:6      | Found a deep blue altar of Sif Muna.
  8842 | D:6      | Found a blossoming altar of Fedhas.
  9092 | D:6      | Noticed patcoet's ghost (novice VSFi)
  9124 | D:6      | Slain by patcoet's ghost

Skill      XL: |  1  2  3  4  5  6  7  8 |
---------------+-------------------------+-----
Short Blades   | 1 2 3 4 5 7 8 |  8.7
Stealth        | 2 3 4 5 6 8 |  8.5
Bows           | 6 7 9 10 | 10.2
Fighting       | |  2.3
Dodging        | |  2.3

Action                   |  1- 3 |  4- 6 |  7- 9 || total
-------------------------+-------+-------+-------++-------
Melee: Short sword       |    28 |    54 |   129 ||   211
       Rapier            |       |    85 |       ||    85
 Fire: Shortbow          |    84 |    99 |   205 ||   388
Invok: Bend Time         |       |     2 |     4 ||     6
  Use: Scroll            |       |     2 |     1 ||     3
       Potion            |       |       |     6 ||     6
 Stab: Sleeping          |     1 |     2 |       ||     3
  Eat: Fruit             |     1 |     6 |       ||     7
       Meat ration       |     1 |     1 |       ||     2
       Pizza             |       |     1 |       ||     1
       Beef jerky        |       |       |     1 ||     1
Armor: Leather armour    |    27 |    66 |    36 ||   129
Dodge: Dodged            |    50 |   140 |    85 ||   275
